 Dungeon Crawl Stone Soup version 0.20-b1-24-gb21faa7 (webtiles) character file.

38 bobbobbob the Sneak (level 3, -6/16 HPs)
             Began as a Spriggan Enchanter on May 25, 2017.
             Killed by nerve-wracking pain
             ... invoked by Jessica
              (11 damage)
             ... on level 2 of the Dungeon.
             The game lasted 00:04:28 (1430 turns).

bobbobbob the Sneak (Spriggan Enchanter)            Turns: 1430, Time: 00:04:30

Health: -6/16      AC:  2    Str:  4    XL:     3   Next: 25%
Magic:  2/8        EV: 19    Int: 16    God:
Gold:   79         SH:  0    Dex: 17    Spells: 1/8 levels left

rFire    . . .     SeeInvis +   a - +1 dagger
rCold    . . .     Gourm    .   (shield restricted)
rNeg     . . .     Faith    .   b - +0 robe
rPois    .         Spirit   .   (helmet restricted)
rElec    .         Reflect  .   (no cloak)
rCorr    .         Harm     .   (gloves unavailable)
MR       .....                  (boots unavailable)
Stlth    +++.......             (no amulet)
Regen    0.1/turn               (no ring)
MPRegen  0.2/turn               (no ring)

@: very slightly contaminated, very quick
A: unfitting armour, see invisible, herbivore 3, speed 3, slow metabolism 2
a: no special abilities


You were on level 2 of the Dungeon.
You were not hungry.

You visited 1 branch of the dungeon, and saw 2 of its levels.

You collected 79 gold pieces.

Inventory:

Hand Weapons
 a - a +1 dagger (weapon)
 m - a +4 dagger
Armour
 b - a +0 robe (worn)
Jewellery
 e - an uncursed ring of flight {unknown}
 k - an uncursed amulet of faith {unknown}
Scrolls
 h - a scroll of immolation {unknown}
 j - 3 scrolls of teleportation {unknown}
 l - a scroll of magic mapping {unknown}
Potions
 g - a potion of mutation {unknown}
 i - 3 potions of cancellation {unknown}
 n - a potion of flight {unknown}
 o - a potion of might {unknown}
Books
 c - a book of Maledictions

   Spells                             Type                      Level
   a - Corona                         Hexes                        1
   b - Ensorcelled Hibernation        Hexes/Ice                    2
   c - Confuse                        Hexes                        3
   d - Tukima's Dance                 Hexes                        3
   e - Dazzling Spray                 Conjuration/Hexes            3
Comestibles
 d - 3 bread rations
 f - 3 royal jellies
 p - 4 fruits


   Skills:
 + Level 0.1 Fighting
 + Level 1.7 Short Blades
 + Level 3.5 Dodging
 + Level 5.3 Stealth
 + Level 3.1 Spellcasting
 + Level 3.8 Hexes


You had one spell level left.
You knew the following spells:

 Your Spells              Type           Power        Failure   Level  Hunger
a - Corona                Hex            ##.....      3%          1    None
b - Confuse               Hex            ##......     12%         3    ###....
c - Dazzling Spray        Conj/Hex       #.....       26%         3    ###....


Dungeon Overview and Level Annotations

Branches:
Dungeon (2/15)

Altars:

Annotations:
D:2 Jessica


Innate Abilities, Weirdness & Mutations

You are very small and have problems with some larger weapons.
You are too small for most types of armour.
You have supernaturally acute eyesight. (SInv)
You are a herbivore.
You cover ground extremely quickly.
You need consume almost no food.


Message History

Jessica casts a spell at you. Pain shoots through your body!
Ouch! That really hurt!
Casting: Confuse
Confirm with . or Enter, or press ? or * to list all spells.
Aiming: Confuse
Press: ? - help, Shift-Dir - straight line, p - Jessica
Okay, then.
Casting: Confuse
Confirm with . or Enter, or press ? or * to list all spells.
Aiming: Confuse
Press: ? - help, Shift-Dir - straight line, f/p - Jessica
Aim: Jessica, wielding a club and wearing a robe (chance to defeat MR: 53%)
You miscast Confuse.
You are very lightly contaminated with residual magic.
Your skin glows momentarily.
Jessica gestures at you while chanting. Pain shoots through your body!
Ouch! That really hurt!
You die...

.. .### ..## .#.. ##...#
###.#.# #..#.# .......
#.##.# ##...##.
#.##.#### #.......
#######.#.....###....###
.......@................
###)...#......#.....####
#@.####......#....##
####.####.......#....#
#........)###.###....#
#.........# #.###....#
#.........###..#######
#.....†....###...#
#..........#####.# ###


You could see Jessica.

Vanquished Creatures
  A worm (D:2)
  2 dart slugs (D:1)
  A leopard gecko (D:2)
  4 giant cockroaches
  2 goblins
  5 hobgoblins
  3 jackals (D:1)
  4 bats
  2 frilled lizards (D:1)
  3 kobolds (D:1)
  3 rats
30 creatures vanquished.

Notes
Turn   | Place    | Note
-------+----------+-------------------------------------------
     0 | D:1      | bobbobbob the Spriggan Enchanter began the quest for the Orb.
     0 | D:1      | Reached XP level 1. HP: 9/9 MP: 5/5
   201 | D:1      | Reached XP level 2. HP: 13/13 MP: 1/6
   713 | D:1      | Reached skill level 5 in Stealth
   904 | D:2      | Noticed Jessica
  1180 | D:2      | Reached XP level 3. HP: 16/16 MP: 8/8
  1193 | D:1      | Learned a level 3 spell: Confuse
  1197 | D:1      | Learned a level 3 spell: Dazzling Spray
  1430 | D:2      | Killed from afar by Jessica

Skill      XL: |  1  2 |
---------------+-------+-----
Spellcasting   | 3 |  3.1
Stealth        | 5 |  5.3
Fighting       | |  0.1
Short Blades   | |  1.7
Dodging        | |  3.5
Hexes          | |  3.8

Action                   || total
-------------------------++-------
Melee: Dagger            ||   103
 Cast: Corona            ||    21
       Confuse           ||     5
 Stab: Sleeping          ||    10
       Distracted        ||     1
       Confused          ||     1
Armor: Robe              ||     8
Dodge: Dodged            ||   115
